 Dungeon Crawl Stone Soup version 0.14-a0-2001-g390038d (webtiles) character file.

1097 Kae the Basher (level 7, -3/57 HPs)
             Began as a Minotaur Fighter on Jan 18, 2014.
             Slain by a gnoll sergeant
             ... wielding a +2,+0 trident of dragon slaying
              (6 damage)
             ... on Level 6 of the Dungeon.
             The game lasted 00:05:28 (4362 turns).

Kae the Basher (Minotaur Fighter)                   Turns: 4362, Time: 00:05:28

HP  -3/57        AC  6     Str 22      XL: 7   Next: 83%
MP   1/1         EV  6     Int  5      God:
Gold 178         SH 19     Dex 10      Spells:  0 memorised,  6 levels left

rFire  . . .     SeeInvis .     r - -1,+2 mace of Vedoadyan {antimagic, rPois}
rCold  . . .     Clarity  .     b - +0 scale mail
rNeg   . . .     Conserve .     c - +0 shield
rPois  +         rCorr    .     (helmet restricted)
rElec  .         rRot     .     (no cloak)
SustAb . .       Spirit   .     (no gloves)
rMut   .         Warding  .     (no boots)
Saprov . . .     RndTele  +     (no amulet)
MR     .....                    (no ring)
                                (no ring)

@: not resistant to hostile enchantments, extremely unstealthy
A: retaliatory headbutt, horns 2, fast metabolism 1, poison resistance,
teleportitis 1
a: no special abilities


You were on level 6 of the Dungeon.
You were full.

You visited 2 branches of the dungeon, and saw 7 of its levels.

You collected 198 gold pieces.
You spent 20 gold pieces at shops.

Inventory:

Hand weapons
 a - a +0,+0 mace
 r - the -1,+2 mace of Vedoadyan (weapon) {antimagic, rPois}
   (You found it on level 2 of the Dungeon)

   It disrupts the flow of magical energy around spellcasters and certain
   magical creatures (including the wielder).
   It protects you from poison.
Missiles
 s - 10 tomahawks (quivered)
Armour
 b - a +0 scale mail (worn)
 c - a +0 shield (worn)
Magical devices
 h - a wand of magic darts (3) {unknown}
 F - a wand of fire (4) {unknown}
Comestibles
 d - 3 bread rations
 g - a cheese
 l - 4 meat rations
 u - 2 apples
Scrolls
 e - 2 scrolls of magic mapping {unknown}
 i - 8 scrolls of identify {unknown}
 j - a scroll of fear {unknown}
 m - a scroll of blinking {unknown}
 w - a scroll of curse jewellery {unknown}
 y - a scroll of random uselessness {unknown}
 A - 7 scrolls of teleportation {unknown}
 B - 5 scrolls of remove curse {unknown}
 G - a scroll of enchant weapon II {unknown}
 H - a scroll of immolation {unknown}
Jewellery
 f - an uncursed amulet of resist mutation {unknown}
 p - an uncursed ring of positive energy {unknown}
 q - a cursed -3 ring of evasion {unknown}
 t - a +3 ring of evasion {unknown}
 x - an uncursed amulet of warding {unknown}
 C - an uncursed amulet of stasis {unknown}
 E - an uncursed ring of protection from magic {unknown}
Potions
 n - 3 potions of agility


   Skills:
 - Level 3.6 Fighting
 + Level 10.8 Maces & Flails
 - Level 3.6 Armour
 - Level 3.6 Shields


You had 6 spell levels left.
You didn't know any spells.

Dungeon Overview and Level Annotations

Branches:
Dungeon (6/16)             Temple (1/1) D:4

Altars:
Ashenzari
Cheibriados
Dithmengos
Elyvilon
Fedhas
Kikubaaqudgha
Makhleb
Sif Muna
Vehumet
Xom
Yredelemnul
Zin
the Shining One

Shops:
D:5 =%=

Portals:
Sewer: D:6


Innate Abilities, Weirdness & Mutations

You reflexively headbutt those who attack you in melee.
You have a pair of horns on your head.
You have a fast metabolism.
Your system is resistant to poisons.
Space occasionally distorts in your vicinity.


Message History

The gnoll is almost dead.
The gnoll sergeant barely misses you.
Unknown command.
You block the gnoll's attack.
You hit the gnoll.
You kill the gnoll!
You see here a whip.
You barely miss the gnoll sergeant.
The gnoll sergeant is almost dead.
You block the gnoll sergeant's attack.
You barely miss the gnoll sergeant.
The gnoll sergeant is almost dead.
The gnoll sergeant closely misses you.
You hit the gnoll sergeant but do no damage.
The gnoll sergeant is almost dead.
You block the gnoll sergeant's attack.
You barely miss the gnoll sergeant.
The gnoll sergeant is almost dead.
The gnoll sergeant hits you with a runed trident.
You die...

##.# #.# #.## #..##
##..# ##### ##.#
##### ##≈..#####'##
##≈..###≈≈%........#
#..@g≈##≈.#........#
#.≈#≈.≈#≈≈#......).#
#≈≈#≈.≈#≈.#........#
#.≈#≈.≈#≈.#........#
#≈≈#≈∩≈#≈.#........#
#≈≈#≈.≈#≈%#.......<#
#≈≈#≈%≈#≈.#........#
≈.≈##≈%.≈.##########
≈.≈###..≈##


You could see a gnoll sergeant.

Vanquished Creatures
  Edmund (D:5)
  Sigmund (D:6)
  A giant frog (D:5)
  A crimson imp (D:5)
  A giant frog zombie (D:5)
  An iguana (D:5)
  An orc priest (D:3)
  A centaur skeleton (D:5)
  An orc wizard (D:5)
  2 worker ants
  3 hounds
  6 gnolls (D:6)
  8 adders
  A worker ant zombie (D:5)
  5 giant mites
  5 worms
  5 oozes
  21 orcs
  3 ball pythons
  8 giant cockroaches
  9 hobgoblins
  4 jackals
  3 quokkas
  9 bats
  5 giant geckos
  6 giant newts
  10 goblins
  A goblin zombie (D:5)
  10 kobolds
  10 rats
143 creatures vanquished.

Notes
Turn   | Place    | Note
--------------------------------------------------------------
     0 | D:1      | Kae, the Minotaur Fighter, began the quest for the Orb.
     0 | D:1      | Reached XP level 1. HP: 19/19 MP: 1/1
   158 | D:1      | Reached XP level 2. HP: 23/26 MP: 1/1
   686 | D:2      | Reached skill level 4 in Maces & Flails
   686 | D:2      | Reached XP level 3. HP: 26/31 MP: 2/2
   794 | D:2      | Reached skill level 5 in Maces & Flails
   932 | D:2      | Reached XP level 4. HP: 32/39 MP: 2/2
  1311 | D:2      | Got a twisted mace
  1312 | D:2      | Identified the -1,+2 mace of Vedoadyan {antimagic, rPois} (You found it on level 2 of the Dungeon)
  1643 | D:3      | Reached skill level 6 in Maces & Flails
  1830 | D:3      | Reached XP level 5. HP: 45/45 MP: 0/2
  1954 | D:3      | Reached skill level 7 in Maces & Flails
  2115 | D:3      | Found a blossoming altar of Fedhas.
  2118 | D:3      | Found a shadowy altar of Dithmengos.
  2121 | D:3      | Found a snail-covered altar of Cheibriados.
  2124 | D:3      | Found a radiant altar of Vehumet.
  2289 | D:4      | Found a shimmering altar of Xom.
  2402 | D:4      | Found a staircase to the Ecumenical Temple.
  2488 | Temple   | Entered the Ecumenical Temple
  2848 | D:5      | Entered Level 5 of the Dungeon
  2852 | D:5      | Reached XP level 6. HP: 51/51 MP: 1/3
  3005 | D:5      | Reached skill level 8 in Maces & Flails
  3081 | D:5      | Noticed Edmund
  3109 | D:5      | Killed Edmund
  3109 | D:5      | Reached skill level 9 in Maces & Flails
  3109 | D:5      | Reached XP level 7. HP: 29/57 MP: 1/3
  3277 | D:5      | Found Deydea's Jewellery Shop.
  3567 | D:5      | Found Chag's Jewellery Shoppe.
  3570 | D:5      | Bought a cursed -4 ring of intelligence for 20 gold pieces
  3628 | D:5      | Found Koanaaf's Food Boutique.
  3924 | D:5      | Reached skill level 10 in Maces & Flails
  4179 | D:6      | Noticed Sigmund
  4186 | D:6      | Gained mutation: Your system is resistant to poisons. [potion of mutation]
  4186 | D:6      | Gained mutation: You have a fast metabolism. [potion of mutation]
  4186 | D:6      | Gained mutation: Space occasionally distorts in your vicinity. [potion of mutation]
  4222 | D:6      | Killed Sigmund
  4284 | D:6      | Found a glowing drain.
  4348 | D:6      | HP: 1/57 [gnoll sergeant/runed trident (8)]
  4362 | D:6      | Slain by a gnoll sergeant

Action                   |  1- 3 |  4- 6 |  7- 9 || total
-------------------------+-------+-------+-------++-------
Melee: Mace              |    92 |   200 |   131 ||   423
  Use: Potion            |       |     1 |     9 ||    10
